 Dungeon Sprint DCSS version 0.22-a0-348-gd16d139 (webtiles) character file.

495180 VLARC the End of an Era (level 21, 163/163 HPs)
             Began as a Formicid Fighter on Apr 11, 2018.
             Was the Champion of Qazlal.
             Escaped with the Orb!
             The game lasted 00:22:39 (2390 turns).

VLARC the End of an Era (Formicid Fighter)          Turns: 2390, Time: 00:22:39

Health: 163/163    AC: 45    Str: 29    XL:     21   Next: 2%
Magic:  47/47      EV: 16    Int: 16    God:    Qazlal [******]
Gold:   0          SH: 51    Dex: 11    Spells: 32/32 levels left

rFire    + . .     SeeInvis +   z - +10 dark maul {crush}
rCold    + . .     Gourm    .   C - +18 shield of the Gong {rElec rN+ MR+ EV-5}
rNeg     + + +     Faith    .   B - +15 Maxwell's patent armour {-Cast -Tele rElec MR+ rCorr}
rPois    +         Spirit   .   (helmet unavailable)
rElec    +         Reflect  +   F - +1 cloak {rPois}
rCorr    +         Harm     .   Q - +2 pair of gloves {Dex+3}
MR       +++++     NoCast   +   R - +2 pair of boots {Stlth+}
Stlth    ..........             y - +6 amulet of reflection
HPRegen  0.37/turn              M - ring "Ximniube" {MR+ MP+9 Int+2}
MPRegen  0.30/turn              O - ring "Onuca Dad" {rF+ rN+++ Int+4 Dex-2 SInv}

@: studying Translocations, repel missiles
A: permanent stasis, dig shafts and tunnels, four strong arms, antennae 3,
yellow scales 1, cold resistance 1, deformed body, frail 2
0: Orb of Zot
a: Dig, Upheaval, Elemental Force, Disaster Area, Renounce Religion


You escaped.
You worshipped Qazlal.
Qazlal was exalted by your worship.
You were not hungry.

You visited 1 branch

Inventory:

Hand Weapons
 j - the +7 arbalest of Amoqurch {velocity, rPois rF++ MR+++ Str-3}
   (You took it off a vampire knight in the Dungeon)

   Any bolt fired from it inflicts extra damage.
   It affects your strength (-3).
   It greatly protects you from fire.
   It protects you from poison.
   It affects your resistance to hostile enchantments.
 w - the +8 lance "Wyrmbane" {slay drac, rPois rF+ rC+ AC+3}
   (You found it in the Dungeon)

   It affects your AC (+3).
   It protects you from fire.
   It protects you from cold.
   It protects you from poison.
 x - the +7 longbow "Piercer" {penet, EV-2}
   (You found it in the Dungeon)

   Ammo fired by it will pass through the targets it hits, potentially hitting
   all targets in its path until it reaches maximum range.
   It affects your evasion (-2).
 z - the +10 dark maul (weapon) {crush}
   (You found it in the Dungeon)

   It inflicts extra damage upon your enemies.
 A - the +9 heavy crossbow "Sniper" {velocity, Acc+∞ SInv}
   (You found it in the Dungeon)

   Any bolt fired from it inflicts extra damage.
   It lets you see invisible.
 S - the +5 demon whip "Spellbinder" {antimagic, MR+}
   (You found it in the Dungeon)

   It reduces the magical energy of the wielder, and disrupts the spells and
   magical abilities of those hit.
   Natural abilities and divine invocations are not affected.
   It affects your resistance to hostile enchantments.
Missiles
 b - 1016 arrows
 c - 1000 bolts
Armour
 h - the +0 pair of gloves "Waureok" {rElec rPois Dex-5}
   (You found it in the Dungeon)

   It affects your dexterity (-5).
   It insulates you from electricity.
   It protects you from poison.
 B - the +15 Maxwell's patent armour (worn) {-Cast -Tele rElec MR+ rCorr}
   (You found it in the Dungeon)

   It insulates you from electricity.
   It affects your resistance to hostile enchantments.
   It prevents spellcasting.
   It prevents most forms of teleportation.
   It protects you from acid and corrosion.
 C - the +18 shield of the Gong (worn) {rElec rN+ MR+ EV-5}
   (You found it in the Dungeon)

   It affects your evasion (-5).
   It insulates you from electricity.
   It protects you from negative energy.
   It affects your resistance to hostile enchantments.
 F - a +1 cloak of poison resistance (worn)
 N - the +9 plate armour "Jaochise" {rF+ Regen+}
   (You found it in the Dungeon)

   It protects you from fire.
   It increases your rate of regeneration.
 Q - a +2 pair of gloves of dexterity (worn)
 R - a +2 pair of boots of stealth (worn)
Jewellery
 k - an uncursed ring of wizardry
 y - a +6 amulet of reflection (around neck)
 G - the ring of Obomoph {*Slow rF+ rN+ Int+3}
   (You found it in the Dungeon)

   [ring of protection from fire]

   It affects your intelligence (+3).
   It protects you from fire.
   It protects you from negative energy.
   It may slow you when you take damage.
 H - a +6 ring of strength
 I - a +6 ring of strength
 M - the ring "Ximniube" (left hand) {MR+ MP+9 Int+2}
   (You found it in the Dungeon)

   [ring of magical power]

   It affects your intelligence (+2).
   It affects your resistance to hostile enchantments.
   It affects your magic capacity (+9).
 O - the ring "Onuca Dad" (right hand) {rF+ rN+++ Int+4 Dex-2 SInv}
   (You found it in the Dungeon)

   [ring of protection from fire]

   It affects your intelligence (+4).
   It affects your dexterity (-2).
   It protects you from fire.
   It renders you almost immune to negative energy.
   It lets you see invisible.
 T - an uncursed ring of wizardry
 V - the ring of the Worm {*Contam rElec rC++ MP+9 Int+3}
   (You found it in the Dungeon)

   [ring of intelligence]

   It affects your intelligence (+3).
   It greatly protects you from cold.
   It insulates you from electricity.
   It affects your magic capacity (+9).
   It causes magical contamination when unequipped.
 W - the ring "Madioz" {MR+ Int+2}
   (You took it off a guardian mummy in the Dungeon)

   [ring of protection from magic]

   It affects your intelligence (+2).
   It affects your resistance to hostile enchantments.
 X - an uncursed ring of protection from magic
 Y - the ring of Jadeanim {Ice MR+}
   (You took it off a green draconian in the Dungeon)

   [ring of ice]

   It enhances your ice magic.
   It makes you vulnerable to fire.
   It protects you from cold.
   It affects your resistance to hostile enchantments.
 Z - the ring "Ceakhul" {rF+ rN+ Int+2 Dex+6}
   (You found it in the Dungeon)

   [ring of positive energy]

   It affects your intelligence (+2).
   It affects your dexterity (+6).
   It protects you from fire.
   It protects you from negative energy.
Wands
 J - a wand of disintegration (7)
 K - a wand of iceblast (7)
 L - a wand of acid (7)
Scrolls
 q - 4 scrolls of amnesia
 r - 8 scrolls of fog
 s - 2 scrolls of holy word
 t - 5 scrolls of identify
 u - 5 scrolls of remove curse
 v - 2 scrolls of fear
 E - 6 scrolls of brand weapon
 P - a scroll of acquirement
 U - 4 scrolls of enchant armour
Potions
 d - 7 potions of might
 e - 10 potions of curing
 g - 10 potions of heal wounds
 i - 7 potions of magic
 l - 2 potions of brilliance
 m - a potion of invisibility
 n - 4 potions of resistance
 p - 5 potions of agility
Books
 o - a manual of Translocations
Miscellaneous
 a - 6 sacks of spiders
 D - 4 boxes of beasts
Comestibles
 f - 8 rations


   Skills:
 O Level 27 Fighting
   Level 2.0(19.1) Axes
 O Level 27 Maces & Flails
 + Level 6.0(6.2) Polearms
 + Level 5.0 Bows
 + Level 6.0 Crossbows
 + Level 6.1 Throwing
 O Level 27 Armour
 O Level 27 Dodging
 O Level 27 Shields
 + Level 6.0 Unarmed Combat
 + Level 6.0 Spellcasting
 + Level 7.9 Translocations
 O Level 27 Invocations
 + Level 6.5 Evocations


You had 32 spell levels left.
You didn't know any spells.

Dungeon Overview and Level Annotations

Branches:
Dungeon (1/1)

Altars:
Ashenzari
Cheibriados
Dithmenos
Elyvilon
Fedhas
Gozag
Hepliaklqana
Kikubaaqudgha
Makhleb
Nemelex Xobeh
Okawaru
Qazlal
Ru
Sif Muna
Trog
Uskayaw
Vehumet
Wu Jian
Xom
Yredelemnul
Zin
The Shining One
Beogh
Jiyva
Lugonu


Innate Abilities, Weirdness & Mutations

You cannot be hasted, slowed, berserked, paralysed or teleported.
You can dig through walls and to a lower floor.
Your four strong arms can wield two-handed weapons with a shield.
You have a pair of large antennae on your head. (SInv)
You are partially covered in yellow scales. (AC +2)
Your flesh is cold resistant. (rC+)
Armour fits poorly on your strangely shaped body.
You are very frail. (-20% HP)


Message History

Press: ? - help, v - describe, . - travel, g - get item The ring of the Catamount {rPois rN+ Str+2 Stlth+}.
The floor.
Found two items.
a - 6 sacks of spiders (gained 1)
Press: ? - help, v - describe, . - travel, g - get item The amulet of Pride {Spirit MR+}.
The floor.
There is a transporter here.
An exit appears before you!
You enter the transporter and appear at another place.
Found the Orb of Zot.
Found a staircase leading out of the dungeon.
You see here the Orb of Zot.
You pick up the Orb of Zot!
The Orb lets out a hideous shriek!
The lords of Pandemonium are not amused.
Beware!
Now all you have to do is get back out of the dungeon!
There is a staircase leading out of the dungeon here.
You can't go down here!
You have escaped!

÷}).....)...▓.............▓...8©8
............▓..▓.......▓..▓..)["|
))..........▓.............▓...).|
..)..)......▓.............▓....).
)...........▓......©......▓....÷.
....).......▓▓▓▓▓▓▓▓▓▓▓▓▓▓▓...)..
..((........▓8888888888888▓......
▓.......▓...▓8.§.§.......8▓..▓...
............▓8.§@.....©..8▓.▓..†.
............▓8.§.§.......8▓....©.
....©.......▓8888888888888▓▓▓▓▓▓▓
▓▓▓▓▓▓▓▓▓▓▓▓▓▓▓▓▓▓▓▓▓▓▓▓▓▓▓▓▓▓▓▓▓
.....8©8........▓........8©8.....
")..}[).=|[:?)).▓.)}):[=:|=))))=}
?}..[.†|):)})|[.▓..|)}):)[))|.[|"
.)|)...[)=[):...▓.:)).|.)})}.).})
.........†.†..†.▓....)..}):}=....


There were no monsters in sight!

Vanquished Creatures
  An ancient lich (D)
  2 juggernauts (shapeshifter) (D)
  A shard shrike (shapeshifter) (D)
  A caustic shrike (shapeshifter) (D)
  5 golden dragons (D)
  An iron giant (D)
  A doom hound (D)
  4 quicksilver dragons (D)
  5 deep elf master archers (D)
  An acid blob (D)
  2 sphinxes (shapeshifter) (D)
  A titan (shapeshifter) (D)
  8 deep elf blademasters (D)
  A shadow dragon (shapeshifter) (D)
  A storm dragon (D)
  6 shadow dragons (D)
  An azure jelly (D)
  A draconian monk (D)
  A draconian knight (D)
  An azure jelly (shapeshifter) (D)
  A draconian scorcher (D)
  7 deep elf sorcerers (D)
  A fire giant (D)
  2 orc warlords (D)
  7 iron dragons (D)
  7 ghouls (D)
  5 draconian annihilators (D)
  A draconian stormcaller (D)
  2 draconian shifters (D)
  2 stone giants (D)
  6 reapers (D)
  An apis (D)
  2 very ugly things (D)
  An entropy weaver (shapeshifter) (D)
  5 green draconians (D)
  2 vampire knights (D)
  7 white draconians (D)
  10 red draconians (D)
  A deep elf annihilator (D)
  9 black draconians (D)
  A minotaur (shapeshifter) (D)
  7 yellow draconians (D)
  3 purple draconians (D)
  5 deep elf high priests (D)
  6 fire dragons (D)
  A mummy priest (D)
  3 death oozes (D)
  3 great orbs of eyes (D)
  4 ice dragons (D)
  2 spriggan air magi (D)
  An anaconda (shapeshifter) (D)
  6 hydras (D)
  An ice dragon (shapeshifter) (D)
  A two-headed ogre (D)
  5 dancing weapons (D)
  A two-headed ogre (shapeshifter) (D)
  4 orc high priests (D)
  2 hell hogs (D)
  A death yak (shapeshifter) (D)
  2 vampire magi (D)
  7 soul eaters (D)
  2 deep elf knights (D)
  4 spriggan berserkers (D)
  A shock serpent (shapeshifter) (D)
  2 wretched stars (D)
  A glowing orange brain (shapeshifter) (D)
  3 skeletal warriors (D)
  An unseen horror (shapeshifter) (D)
  A shambling mangrove (D)
  3 swamp dragons (shapeshifter) (D)
  2 flayed ghosts (D)
  2 death drakes (shapeshifter) (D)
  4 swamp dragons (D)
  A deep troll (shapeshifter) (D)
  A wizard (D)
  3 death drakes (D)
  2 lindwurms (shapeshifter) (D)
  3 deep elf archers (D)
  2 starcursed masses (D)
  3 orc knights (D)
  2 oklob plants (D)
  3 necromancers (D)
  An ugly thing (D)
  A wolf spider (shapeshifter) (D)
  3 orc sorcerers (D)
  A manticore (shapeshifter) (D)
  2 shining eyes (shapeshifter) (D)
  2 shining eyes (D)
  10 deep elf magi (D)
  A moth of wrath (D)
  A moth of wrath (shapeshifter) (D)
  A cyclops (shapeshifter) (D)
  9 rust devils (D)
  An apocalypse crab (D)
  2 eyes of devastation (D)
  An elephant (shapeshifter) (D)
  A smoke demon (D)
  A water nymph (shapeshifter) (D)
  An eye of devastation (shapeshifter) (D)
  3 hellions (D)
  6 rime drakes (D)
  A rime drake (shapeshifter) (D)
  A komodo dragon (shapeshifter) (D)
  7 tormentors (D)
  3 efreet (D)
  A yaktaur (shapeshifter) (D)
  A freezing wraith (D)
  A dryad (D)
  5 ice devils (D)
  5 guardian mummies (D)
  A queen bee (shapeshifter) (D)
  2 jumping spiders (shapeshifter) (D)
  A merfolk (shapeshifter) (D)
  3 ancient zymes (D)
  A wind drake (shapeshifter) (D)
  A wind drake (D)
  11 slime creatures (D)
  A slime creature (shapeshifter) (D)
  A snapping turtle (shapeshifter) (D)
  An air elemental (D)
  2 flying skulls (D)
  2 vampires (D)
  3 ynoxinuls (D)
  4 wraiths (D)
  A tarantella (D)
  3 wyverns (D)
  A basilisk (shapeshifter) (D)
  3 water elementals (D)
  2 ushabtiu (D)
  A yak (shapeshifter) (D)
  5 golden eyes (D)
  A hog (shapeshifter) (D)
  5 fire elementals (D)
  3 neqoxecs (D)
  4 large abominations (D)
  A steam dragon (D)
  An acid dragon (shapeshifter) (D)
  2 acid dragons (D)
  3 wargs (D)
  7 hell hounds (D)
  3 swamp drakes (D)
  A floating eye (D)
  An ice beast (shapeshifter) (D)
  4 orc warriors (D)
  4 phantoms (D)
  A black bear (D)
  A necrophage (D)
  A wolf (D)
  4 ogres (D)
  A tengu (shapeshifter) (D)
  A wolf (shapeshifter) (D)
  A boggart (shapeshifter) (D)
  An earth elemental (D)
  4 scorpions (D)
  9 wights (D)
  3 crimson imps (D)
  6 jellies (D)
  3 quasits (D)
  4 orc priests (D)
  3 orc wizards (D)
  6 iron imps (D)
  8 small abominations (D)
  7 mummies (D)
  A shadow imp (D)
  4 white imps (D)
  2 oozes (D)
  An ufetubus (D)
  4 adder skeletons (D)
  7 adder zombies (D)
  2 orcs (D)
  13 bat skeletons (D)
  10 bat zombies (D)
  2 ball python skeletons (D)
  2 giant cockroach zombies (D)
  A jackal zombie (D)
  3 leopard gecko skeletons (D)
  3 leopard gecko zombies (D)
  A quokka skeleton (D)
  3 quokka zombies (D)
  A butterfly (D)
  8 crawling corpses (D)
  A fire vortex (D)
532 creatures vanquished.

Vanquished Creatures (collateral kills)
  A death drake (D)
  A rime drake (D)
  A wyvern (D)
3 creatures vanquished.

Vanquished Creatures (others)
  A hell hog (D)
  A spatial maelstrom (D)
  A deep elf mage (D)
  2 wyverns (D)
  A quokka zombie (D)
6 creatures vanquished.

Grand Total: 541 creatures vanquished

Notes
Turn   | Place    | Note
-------+----------+-------------------------------------------
     0 | D        | Found the +6 Majin-Bo {vamp, Archmagi MP+6 Int+6}
     0 | D        | Found the +7 great mace "Firestarter" {inner flame, rF++}
     0 | D        | VLARC the Formicid Fighter began the quest for the Orb.
     0 | D        | Reached XP level 1. HP: 18/18 MP: 1/1
     0 | D        | Found a deep blue altar of Sif Muna.
     0 | D        | Found a sacrificial altar of Ru.
     0 | D        | Found a bloodstained altar of Trog.
     0 | D        | Found a stormy altar of Qazlal.
     0 | D        | Found an iron altar of Okawaru.
     0 | D        | Found a sparkling altar of Nemelex Xobeh.
     0 | D        | Found a blossoming altar of Fedhas.
     2 | D        | Found a transporter.
     2 | D        | Found an ancient bone altar of Kikubaaqudgha.
     2 | D        | Found a viscous altar of Jiyva.
     2 | D        | Found a corrupted altar of Lugonu.
     2 | D        | Found a hazy altar of Hepliaklqana.
     2 | D        | Found a burning altar of Makhleb.
     2 | D        | Found an opulent altar of Gozag.
    11 | D        | Found the +9 heavy crossbow "Sniper" {velocity, Acc+∞ SInv}
    11 | D        | Found the +10 dark maul {crush}
    11 | D        | Found the +15 Maxwell's patent armour {-Cast -Tele rElec MR+ rCorr}
    11 | D        | Found the +18 shield of the Gong {rElec rN+ MR+ EV-5}
    11 | D        | Found the cursed +14 obsidian axe {chop, +Fly SInv *Curse}
    12 | D        | Found the +6 shillelagh "Devastator" {shatter}
    12 | D        | Found the +11 plutonium sword {*Contam Stlth-}
    12 | D        | Found the +8 lance "Wyrmbane" {slay drac, rPois rF+ rC+ AC+3}
    12 | D        | Found the +9 sword of Zonguldrok {reap}
    12 | D        | Found the cursed +13 scythe of Curses {drain, *Curse}
    12 | D        | Found the +0 sword of Power
    12 | D        | Found the +2 mace of Variability {chaos}
    12 | D        | Found the +7 Singing Sword
    12 | D        | Found the +7 longbow "Piercer" {penet, EV-2}
    17 | D        | Banished a spatial maelstrom
    71 | D        | Became a worshipper of Qazlal Stormbringer
    93 | D        | Entered arena 2.
    93 | D        | Noticed a wolf
    93 | D        | Noticed a black bear
    93 | D        | Found a transporter.
    99 | D        | Killed a black bear
    99 | D        | Reached XP level 2. HP: 28/28 MP: 2/2
    99 | D        | Reached XP level 3. HP: 34/34 MP: 3/3
    99 | D        | Reached XP level 4. HP: 40/40 MP: 4/4
    99 | D        | Killed a wolf
    99 | D        | Reached XP level 5. HP: 48/48 MP: 5/5
   105 | D        | Entered arena 3.
   105 | D        | Noticed a floating eye
   105 | D        | Found a transporter.
   108 | D        | Killed a floating eye
   108 | D        | Reached * piety under Qazlal
   108 | D        | Reached XP level 6. HP: 57/57 MP: 6/6
   117 | D        | Entered arena 4.
   117 | D        | Found a transporter.
   120 | D        | Reached ** piety under Qazlal
   120 | D        | Reached skill level 10 in Shields
   122 | D        | Reached XP level 7. HP: 64/64 MP: 7/7
   127 | D        | Entered arena 5.
   127 | D        | Found a transporter.
   131 | D        | Reached *** piety under Qazlal
   132 | D        | Reached **** piety under Qazlal
   137 | D        | Entered arena 6.
   137 | D        | Noticed a tarantella
   137 | D        | Found a transporter.
   142 | D        | Reached skill level 10 in Fighting
   145 | D        | Killed a tarantella
   145 | D        | Reached ***** piety under Qazlal
   145 | D        | Reached XP level 8. HP: 74/74 MP: 8/8
   160 | D        | Entered arena 7.
   161 | D        | Found a transporter.
   170 | D        | Reached skill level 10 in Maces & Flails
   174 | D        | Got the ring of Obomoph {*Slow rF+ rN+ Int+3}
   177 | D        | Got the ring "Ximniube" {MR+ MP+9 Int+2}
   269 | D        | Entered arena 8.
   269 | D        | Noticed a rime drake
   269 | D        | Noticed a brown ugly thing
   269 | D        | Noticed an orb spider
   269 | D        | Gained mutation: You are frail. (-10% HP) [a neqoxec]
   271 | D        | Found a transporter.
   274 | D        | Gained mutation: You are very frail. (-20% HP) [a neqoxec]
   275 | D        | a rime drake changed into a tengu
   275 | D        | Killed a brown ugly thing
   275 | D        | Reached XP level 9. HP: 64/65 MP: 9/9
   278 | D        | Gained mutation: Armour fits poorly on your strangely shaped body. [a neqoxec]
   280 | D        | Gained mutation: Your flesh is cold resistant. (rC+) [a neqoxec]
   281 | D        | Reached skill level 1 in Invocations
   284 | D        | Gained mutation: You are partially covered in yellow scales. (AC +2) [a neqoxec]
   292 | D        | an orb spider changed into an ice beast
   293 | D        | Reached ****** piety under Qazlal
   295 | D        | Reached skill level 5 in Invocations
   302 | D        | Got the amulet "Usuin" {Inacc rN+ Dex+3 Stlth-}
   323 | D        | Entered arena 9.
   324 | D        | Found a transporter.
   341 | D        | Entered arena 10.
   342 | D        | Found a transporter.
   356 | D        | Got the Volume of Confrontation
   362 | D        | Got the +9 plate armour "Jaochise" {rF+ Regen+}
   385 | D        | Entered arena 11.
   386 | D        | Found a transporter.
   401 | D        | Reached XP level 10. HP: 70/74 MP: 15/15
   421 | D        | Entered arena 12.
   421 | D        | Noticed a deep elf mage
   421 | D        | Noticed a hand axe of chopping
   421 | D        | Noticed a deep elf master archer
   421 | D        | Noticed a long sword of holy wrath
   422 | D        | Noticed a deep elf high priest
   422 | D        | Noticed a deep elf knight
   422 | D        | Noticed a deep elf mage
   422 | D        | Noticed a deep elf archer
   423 | D        | Killed a deep elf mage
   425 | D        | Noticed a hand axe of chopping
   433 | D        | Killed a hand axe of chopping
   433 | D        | Killed a deep elf master archer
   433 | D        | Reached skill level 15 in Fighting
   433 | D        | Reached XP level 11. HP: 80/82 MP: 19/19
   435 | D        | Killed a hand axe of chopping
   435 | D        | Killed a deep elf mage
   435 | D        | Killed a deep elf knight
   435 | D        | Killed a deep elf archer
   435 | D        | Reached skill level 15 in Maces & Flails
   443 | D        | Killed a deep elf high priest
   449 | D        | Killed a long sword of holy wrath
   454 | D        | Found a transporter.
   463 | D        | Got the ring "Onuca Dad" {rF+ rN+++ Int+4 Dex-2 SInv}
   600 | D        | Entered arena 13.
   600 | D        | Noticed a hell hog
   601 | D        | Noticed a fire giant
   601 | D        | Noticed a fire dragon
   601 | D        | Noticed a hell hog
   601 | D        | Noticed a hell hog
   602 | D        | Killed a hell hog
   603 | D        | Found a transporter.
   606 | D        | Killed a fire dragon
   606 | D        | Reached skill level 15 in Invocations
   606 | D        | Reached XP level 12. HP: 36/91 MP: 23/23
   606 | D        | Killed a hell hog
   606 | D        | Killed a hell hog
   608 | D        | Reached XP level 13. HP: 56/96 MP: 17/25
   611 | D        | Killed a fire giant
   634 | D        | Got the amulet "Voophalu" {rC- Regen+ Str+6}
   815 | D        | Entered arena 14.
   816 | D        | Noticed a starcursed mass
   819 | D        | Found a transporter.
   822 | D        | Killed a starcursed mass
   822 | D        | Killed a starcursed mass
   830 | D        | Got the Disquisition on Venom
   835 | D        | Got the ring of the Ego {*Corrode +Fly MP+9 Int+8}
   848 | D        | Entered arena 15.
   849 | D        | Noticed an apis
   849 | D        | Noticed a spriggan air mage
   850 | D        | Noticed a spriggan air mage
   850 | D        | Killed a spriggan air mage
   850 | D        | Killed a spriggan air mage
   850 | D        | Killed an apis
   853 | D        | Found a transporter.
   930 | D        | Entered arena 16.
   931 | D        | Reached XP level 14. HP: 103/106 MP: 28/28
   932 | D        | Noticed an acid blob
   934 | D        | Killed an acid blob
   936 | D        | Found a transporter.
   966 | D        | Entered arena 17.
   968 | D        | Noticed a red draconian
   968 | D        | Noticed a storm dragon
   968 | D        | Noticed a green draconian
   968 | D        | Noticed a yellow draconian
   969 | D        | Noticed a green draconian
   969 | D        | Noticed a white draconian
   969 | D        | Noticed a black draconian
   969 | D        | Noticed a black draconian
   969 | D        | Noticed a white draconian
   970 | D        | Noticed a red draconian
   970 | D        | Noticed a yellow draconian
   970 | D        | Noticed a red draconian
   970 | D        | Killed a storm dragon
   970 | D        | Killed a purple draconian
   970 | D        | Killed a white draconian
   970 | D        | Killed a black draconian
   970 | D        | Killed a yellow draconian
   970 | D        | Killed a green draconian
   970 | D        | Killed a black draconian
   970 | D        | Killed a green draconian
   970 | D        | Killed a white draconian
   970 | D        | Killed a red draconian
   971 | D        | Noticed a yellow draconian
   972 | D        | Killed a red draconian
   972 | D        | Killed a yellow draconian
   972 | D        | Killed a red draconian
   972 | D        | Killed a yellow draconian
   973 | D        | Found a transporter.
   983 | D        | Got the Almanac of Enthralling Dislocation
   995 | D        | Got the Catalogue of Augmentations
  1007 | D        | Entered arena 18.
  1011 | D        | Found the +5 demon whip "Spellbinder" {antimagic, MR+}
  1011 | D        | Reached XP level 15. HP: 87/115 MP: 31/31
  1014 | D        | Found a transporter.
  1030 | D        | Got the ring of the Worm {*Contam rElec rC++ MP+9 Int+3}
  1036 | D        | Got the ring "Madioz" {MR+ Int+2}
  1230 | D        | Entered arena 19.
  1232 | D        | Noticed an azure jelly
  1233 | D        | Killed an azure jelly
  1236 | D        | Found a transporter.
  1295 | D        | Got the ring "Ceakhul" {rF+ rN+ Int+2 Dex+6}
  1306 | D        | Got Mowug's Disquisition on Stones and Weightlessness
  1310 | D        | Entered arena 20.
  1315 | D        | Noticed a green very ugly thing
  1315 | D        | Noticed a red very ugly thing
  1316 | D        | Killed a red very ugly thing
  1318 | D        | Found a transporter.
  1320 | D        | Killed a green very ugly thing
  1366 | D        | Got the +0 pair of gloves "Waureok" {rElec rPois Dex-5}
  1380 | D        | Entered arena 21.
  1383 | D        | Noticed an ancient lich
  1384 | D        | Noticed a ghoul
  1385 | D        | Noticed an Executioner
  1385 | D        | Noticed a ghoul
  1386 | D        | Noticed a ghoul
  1386 | D        | Reached skill level 1 in Dodging
  1386 | D        | Killed a ghoul
  1386 | D        | Reached skill level 5 in Armour
  1386 | D        | Killed a ghoul
  1391 | D        | Killed an ancient lich
  1391 | D        | Reached XP level 16. HP: 124/124 MP: 33/33
  1392 | D        | Found a transporter.
  1394 | D        | Reached skill level 5 in Dodging
  1394 | D        | Reached skill level 27 in Invocations
  1404 | D        | Got Ulitag's Grimoire of Twisted Venom
  1411 | D        | Got the +7 arbalest of Amoqurch {velocity, rPois rF++ MR+++ Str-3}
  1422 | D        | Entered arena 22.
  1427 | D        | Reached skill level 15 in Shields
  1434 | D        | Found a transporter.
  1483 | D        | Entered arena 23.
  1488 | D        | Noticed a shadow dragon
  1491 | D        | Noticed a shadow dragon
  1492 | D        | Noticed a doom hound
  1492 | D        | Reached skill level 10 in Armour
  1492 | D        | Killed a shadow dragon
  1492 | D        | Killed a doom hound
  1494 | D        | Killed a shadow dragon
  1502 | D        | Reached skill level 10 in Dodging
  1510 | D        | Found the +7 captain's cutlass {speed, disarm}
  1511 | D        | Found a transporter.
  1518 | D        | Got Esya's Handbook of Fiery Enhancements
  1530 | D        | Got the Volume of the Floating Arsonist
  1539 | D        | Entered arena 24.
  1548 | D        | Noticed a purple draconian knight
  1551 | D        | Reached XP level 17. HP: 97/132 MP: 34/34
  1551 | D        | Reached skill level 15 in Armour
  1568 | D        | Got the ring of Jadeanim {Ice MR+}
  1638 | D        | Found a transporter.
  1798 | D        | Entered arena 25.
  1805 | D        | Noticed a deep elf blademaster
  1807 | D        | Noticed a deep elf blademaster
  1807 | D        | Noticed a deep elf master archer
  1807 | D        | Noticed a deep elf blademaster
  1809 | D        | Noticed a deep elf blademaster
  1809 | D        | Noticed a deep elf blademaster
  1809 | D        | Killed a deep elf blademaster
  1810 | D        | Noticed a deep elf blademaster
  1810 | D        | Noticed a deep elf blademaster
  1812 | D        | Noticed a deep elf master archer
  1812 | D        | Reached XP level 18. HP: 134/143 MP: 35/35
  1812 | D        | Killed a deep elf blademaster
  1812 | D        | Killed a deep elf master archer
  1812 | D        | Killed a deep elf blademaster
  1812 | D        | Reached skill level 15 in Dodging
  1812 | D        | Killed a deep elf blademaster
  1812 | D        | Killed a deep elf blademaster
  1812 | D        | Killed a deep elf blademaster
  1812 | D        | Killed a deep elf blademaster
  1812 | D        | Killed a deep elf blademaster
  1817 | D        | Killed a deep elf master archer
  1817 | D        | Killed a deep elf master archer
  1817 | D        | Reached skill level 27 in Fighting
  1820 | D        | Noticed a deep elf master archer
  1823 | D        | Killed a deep elf master archer
  1836 | D        | Found a transporter.
  1847 | D        | Entered arena 26.
  1855 | D        | Noticed a golden dragon
  1855 | D        | Noticed a shard shrike
  1855 | D        | a glowing shapeshifter changed into a shard shrike
  1855 | D        | Noticed a titan
  1855 | D        | a glowing shapeshifter changed into a titan
  1856 | D        | Noticed a juggernaut
  1856 | D        | a shard shrike changed into a juggernaut
  1856 | D        | Noticed a shard shrike
  1856 | D        | a titan changed into a shard shrike
  1857 | D        | Killed a shard shrike
  1857 | D        | Reached XP level 19. HP: 145/151 MP: 36/36
  1857 | D        | Killed a juggernaut
  1857 | D        | a golden dragon changed into an iron dragon
  1860 | D        | Noticed a juggernaut
  1860 | D        | Noticed a golden dragon
  1860 | D        | a golden dragon changed into a shadow dragon
  1860 | D        | Noticed a caustic shrike
  1860 | D        | an iron dragon changed into a caustic shrike
  1861 | D        | Killed a caustic shrike
  1861 | D        | Killed a juggernaut
  1861 | D        | Reached skill level 27 in Maces & Flails
  1861 | D        | Reached skill level 27 in Shields
  1869 | D        | Noticed a shard shrike
  1871 | D        | Noticed a titan
  1871 | D        | a shard shrike changed into a titan
  1871 | D        | Noticed a golden dragon
  1872 | D        | Noticed a shard shrike
  1872 | D        | a titan changed into a shard shrike
  1873 | D        | Noticed a titan
  1873 | D        | a shard shrike changed into a titan
  1875 | D        | a golden dragon changed into a sphinx
  1878 | D        | Killed a titan
  1884 | D        | Found a transporter.
  1889 | D        | Found the +4 skin of Zhor {rC+++}
  1889 | D        | Found the +8 glaive of the Guard {elec, +Rage AC+5 SInv}
  1897 | D        | Entered arena 27.
  1947 | D        | Reached XP level 20. HP: 75/157 MP: 16/37
  1948 | D        | Noticed an iron giant
  1962 | D        | Killed an iron giant
  2123 | D        | Found a transporter.
  2142 | D        | Entered arena 28.
  2173 | D        | Noticed a golden dragon
  2175 | D        | Noticed a golden dragon
  2176 | D        | Noticed a golden dragon
  2177 | D        | Killed a golden dragon
  2177 | D        | Reached skill level 27 in Armour
  2179 | D        | Killed a golden dragon
  2179 | D        | Killed a golden dragon
  2182 | D        | Noticed a golden dragon
  2182 | D        | Noticed a golden dragon
  2190 | D        | Reached skill level 27 in Dodging
  2190 | D        | Reached skill level 1 in Translocations
  2190 | D        | Reached skill level 1 in Polearms
  2190 | D        | Reached skill level 1 in Bows
  2190 | D        | Reached skill level 1 in Crossbows
  2190 | D        | Reached skill level 1 in Throwing
  2190 | D        | Reached skill level 1 in Unarmed Combat
  2190 | D        | Reached skill level 1 in Spellcasting
  2190 | D        | Reached skill level 1 in Evocations
  2191 | D        | Reached skill level 5 in Translocations
  2191 | D        | Killed a golden dragon
  2191 | D        | Reached skill level 5 in Evocations
  2193 | D        | Killed a golden dragon
  2193 | D        | Reached skill level 5 in Polearms
  2193 | D        | Reached skill level 5 in Crossbows
  2193 | D        | Reached skill level 5 in Throwing
  2193 | D        | Reached skill level 5 in Unarmed Combat
  2193 | D        | Reached skill level 5 in Spellcasting
  2196 | D        | Reached skill level 5 in Bows
  2196 | D        | Reached XP level 21. HP: 99/163 MP: 17/38
  2372 | D        | Found a transporter.
  2385 | D        | Got the Orb of Zot
  2390 | D        | Escaped with the Orb!

Vault maps used:
D:        sprint_v

Skill      XL: |  1  2  3  4  5  6  7  8  9 10 11 12 13 14 15 16 17 18 19 20 |
---------------+-------------------------------------------------------------+-----
Fighting       | 6 7 8 9 10 12 13 15 17 19 21 22 24 25 27 | 27.0
Maces & Flails | 4 6 7 8 9 10 12 14 15 16 17 19 21 22 24 26 27 | 27.0
Shields        | 6 8 9 10 11 13 14 18 22 25 27 | 27.0
Invocations    | 7 11 15 16 20 24 26 27 | 27.0
Dodging        | 4 10 14 17 21 27 | 27.0
Armour         | 6 12 16 20 25 27 | 27.0
Translocations | 7 |  7.9
Polearms       | 6 |  6.0
Bows           | 5 |  5.0
Crossbows      | 6 |  6.0
Throwing       | 6 |  6.1
Unarmed Combat | 6 |  6.0
Spellcasting   | 6 |  6.0
Evocations     | 6 |  6.5
Axes           | |  2.0

Action                   |  1- 3 |  4- 6 |  7- 9 | 10-12 | 13-15 | 16-18 | 19-21 || total
-------------------------+-------+-------+-------+-------+-------+-------+-------++-------
Melee: Shillelagh        |     4 |     7 |    61 |    32 |    26 |     2 |       ||   132
       Maul              |       |       |       |       |       |    36 |    39 ||    75
Invok: Upheaval          |       |       |     1 |       |     2 |       |     3 ||     6
       Disaster Area     |       |       |       |     4 |    11 |     7 |    11 ||    33
       Elemental Force   |       |       |       |       |       |       |     1 ||     1
  Use: Potion            |     2 |       |       |     3 |       |       |     1 ||     6
  Eat: Chunk             |       |       |       |       |       |     3 |       ||     3
       Ration            |       |       |       |       |       |       |     1 ||     1
Armor: Plate armour      |     9 |     1 |    22 |     9 |     5 |    24 |    55 ||   125
Dodge: Dodged            |       |     1 |       |       |     2 |    12 |    29 ||    44
       Deflected         |       |       |       |       |       |     2 |     4 ||     6
Block: Shield            |    13 |     8 |    96 |    33 |    29 |    94 |   124 ||   397
       Reflection        |       |       |       |       |       |       |     2 ||     2

Table legend:
 A = Spawn XP
 B = Non-spawn XP
 C = Spawn XP percentage of total XP
 D = Spawn monster count
 E = Non-spawn monster count
 F = Spawn count percentage of total count
 G = Total turns spent on level
                    A         B        C        D         E        F      G
               +---------+---------+-------+---------+---------+-------+---------
         Total |       0 |  402946 |   0.0 |       0 |     527 |   0.0 |  2390
               +---------+---------+-------+---------+---------+-------+---------
             D |       0 |  402946 |   0.0 |       0 |     527 |   0.0 |  2390
               +---------+---------+-------+---------+---------+-------+---------
